 Dungeon Crawl Stone Soup version 0.22-a0-772-gac08f70 (webtiles) character file.

21409 yoda5477 the Geomancer (level 12, -5/69 HPs)
             Began as a Gargoyle Earth Elementalist on July 17, 2018.
             Was a High Priest of Nemelex Xobeh.
             Killed from afar by a fire dragon (17 damage)
             ... with a blast of flame
             ... on level 12 of the Dungeon.
             The game lasted 03:04:09 (23825 turns).

yoda5477 the Geomancer (GrEE)                      Turns: 23825, Time: 03:04:10

Health: -5/69      AC: 19    Str: 12    XL:     12   Next: 89%
Magic:  18/24      EV: 11    Int: 21    God:    Nemelex Xobeh [*****.]
Gold:   410        SH:  0    Dex: 10    Spells: 2/27 levels left

rFire    + . .     SeeInvis .   D - staff of energy
rCold    . . .     Gourm    .   (no shield)
rNeg     + . .     Faith    .   I - +0 acid dragon scales
rPois    ∞         Spirit   .   u - +0 helmet
rElec    +         Reflect  .   (no cloak)
rCorr    +         Harm     .   H - +0 pair of gloves
MR       .....                  (no boots)
Stlth    +.........             (no amulet)
HPRegen  0.21/turn              M - +2 ring of slaying
MPRegen  0.19/turn              Z - ring of protection from fire

@: liquefying, slowed movement, very slow
A: negative energy resistance 1, electricity resistance, unbreathing,
petrification resistance, rot immunity, AC +8
a: Triple Draw, Deal Four, Stack Five, Renounce Religion


You were on level 12 of the Dungeon.
You worshipped Nemelex Xobeh.
Nemelex Xobeh was extremely pleased with you.
You were hungry.

You visited 5 branches of the dungeon, and saw 20 of its levels.
You also visited: Sewer.

You collected 1060 gold pieces.
You spent 650 gold pieces at shops.

Inventory:

Hand Weapons
 A - the +2 flail of Untruth {crush, +Blink rPois SInv}
   (You found it on level 8 of the Dungeon)

   It inflicts extra damage upon your enemies.
   It protects you from poison.
   It lets you see invisible.
   It lets you blink.
 N - the +8 flail of Ocuhyff {crush, +Blink MP+9 Str+2}
   (You found it on level 11 of the Dungeon)

   It inflicts extra damage upon your enemies.
   It affects your strength (+2).
   It affects your magic capacity (+9).
   It lets you blink.
Missiles
 b - 435 stones (quivered)
 U - 2 throwing nets
Armour
 u - a +0 helmet (worn)
 y - a +2 leather armour of fire resistance
 B - the +3 leather armour of Hedafal {rElec}
   (You found it on level 4 of the Dungeon)

   It insulates you from electricity.
 E - a +0 plate armour
 H - a +0 pair of gloves (worn)
 I - +0 acid dragon scales (worn)
 W - a +1 robe of cold resistance
Magical Staves
 D - an uncursed staff of energy (weapon)
Jewellery
 M - a +2 ring of slaying (left hand)
 Z - a ring of protection from fire (right hand)
Wands
 s - a wand of random effects (15)
 G - a wand of enslavement (19)
 T - a wand of scattershot (4)
 Y - a wand of disintegration (15)
Scrolls
 e - 8 scrolls of remove curse
 h - 8 scrolls of teleportation
 i - a scroll of brand weapon {unknown}
 m - 10 scrolls of identify
 n - a scroll of immolation {unknown}
 o - 2 scrolls of blinking {unknown}
 q - a scroll of enchant armour {unknown}
 t - 3 scrolls of amnesia {unknown}
 v - 3 scrolls of fog {unknown}
 z - 2 scrolls of magic mapping {unknown}
 L - a scroll of enchant weapon {unknown}
 V - a scroll of fear {unknown}
 X - a scroll of random uselessness {unknown}
Potions
 a - 2 potions of magic {unknown}
 c - a potion of agility {unknown}
 k - 2 potions of heal wounds
 p - 3 potions of curing
 r - 2 potions of cancellation
 w - a potion of haste
 x - a potion of invisibility
 C - 2 potions of lignification {unknown}
 F - a potion of berserk rage {unknown}
 J - a potion of ambrosia {unknown}
 O - 3 potions of brilliance
Miscellaneous
 f - an ornate deck of destruction {drawn: 1}
 g - an ornate deck of summoning {drawn: 4}
 j - a plain deck of summoning {drawn: 5}
 l - a plain deck of destruction
 K - an ornate deck of summoning
 P - a plain deck of escape {drawn: 1}
 Q - an ornate deck of escape {drawn: 1}
 R - a plain deck of summoning
 S - a plain deck of summoning {drawn: 1}
Comestibles
 d - 27 rations


   Skills:
 * Level 5.7 Fighting
 + Level 4.9(5.0) Maces & Flails
 - Level 1.5(3.4) Staves
 * Level 6.6 Armour
 - Level 1.5 Dodging
 - Level 2.1 Stealth
 * Level 8.4 Spellcasting
 + Level 5.1 Conjurations
 + Level 4.4 Hexes
 + Level 0.7 Transmutations
 + Level 5.1 Ice Magic
 + Level 14.1 Earth Magic
 + Level 8.1 Invocations


You had 2 spell levels left.
You knew the following spells:

 Your Spells              Type           Power        Failure   Level  Hunger
a - Sandblast             Erth           ######       1%          1    None
b - Corona                Hex            ####...      1%          1    None
c - Passwall              Tmut/Erth      #####...     1%          2    None
d - Stone Arrow           Conj/Erth      #####.       1%          3    None
e - Lee's Rapid Deconstr  Erth           ######....   1%          5    None
f - Ensorcelled Hibernat  Hex/Ice        ####..       2%          2    None
g - Petrify               Tmut/Erth      #####...     4%          4    None
h - Tukima's Dance        Hex            ####....     5%          3    None
i - Leda's Liquefaction   Hex/Erth       #####.....   2%          4    None

Your spell library contained the following spells:

 Spells                   Type           Power        Failure   Level  Hunger
 Bolt of Magma            Conj/Fire/Erth #####.....   22%         5    None
 Confuse                  Hex            ####....     5%          3    None
 Iron Shot                Conj/Erth      #####.....   30%         6    None
 Statue Form              Tmut/Erth      #####....    61%         6    None
 Shatter                  Erth           ######....   100%        9    None
 Dazzling Spray           Conj/Hex       ####..       4%          3    None


Dungeon Overview and Level Annotations

Branches:
Dungeon (12/15)            Temple (1/1) D:4            Lair (5/6) D:9
 Shoals (1/4) Lair:3       Spider (0/4) Lair:2          Orc (1/2) D:11
  Slime: Lair:5-6

Altars:
Elyvilon
Makhleb
Nemelex Xobeh
Qazlal
Xom
The Shining One

Shops:
D:9 (   D:12 :

Annotations:
D:8 2 runed doors, exclusion: orc, Amnesiac's ghost, novice SpFi
D:10 4 runed doors
Lair:4 exclusion: hydra
Orc:1 Erolcha


Innate Abilities, Weirdness & Mutations

You are resistant to torment.
Your stone body is resilient. (AC +8)
You are immune to poison.
You resist negative energy. (rN+)
You are resistant to electric shocks. (rElec)
You can survive without breathing.
You are immune to petrification.
You are immune to rotting.


Message History

The fire dragon is engulfed in blazing flames.
Your insubstantial wisp blinks!
The insubstantial wisp is engulfed in blazing flames.
The fire dragon breathes flames at you. The blast of flame hits you!
You resist.
* * * LOW HITPOINT WARNING * * *
The insubstantial wisp closely misses your insubstantial wisp.
Your insubstantial wisp thrums sharply.
The air around your insubstantial wisp crackles with electrical energy.
The insubstantial wisp hits your insubstantial wisp but does no damage.
Your insubstantial wisp hits the insubstantial wisp.
The insubstantial wisp hits your insubstantial wisp!
The insubstantial wisp blinks!
The insubstantial wisp closely misses you.
Your insubstantial wisp hits the fire dragon but does no damage.
Your insubstantial wisp hits the fire dragon but does no damage.
The fire dragon breathes flames at you. The blast of flame hits you!
You resist.
You die...
Your body glows with a rainbow of weird colours and disappears.

..........# #.§# ##
..........# #§.# #
.........## #..#
.......### #..#
.....<## #..# ......#
#..# # #....########
##Dv# ##.
#....###....## ##.v.#
##..
#....##......###@...#
##...
....###.......##.§§.##
##.... ....#
##<.....#.§.#..#
###..... ....#
#......).####.#
##....... ....#
##.......##
#.####.....#.. ....#
##...v<..#
#..#....y.###. ....#
##[.....## ##......###
# ....# ##)..#...#
##.......## ....#
##..####..#
#.........###


You could see a fire dragon, 2 insubstantial wisps and a friendly insubstantial
wisp.

Vanquished Creatures
  Harold (D:10)
  Erica (D:8)
  2 unseen horrors
  2 ugly things
  2 black mambas
  A gargoyle (D:12)
  3 komodo dragons
  A troll (D:10)
  Prince Ribbit (D:8)
  A hornet (D:12)
  3 blink frogs (Lair:1)
  6 hippogriffs
  A shadow (D:10)
  9 yaks
  Sigmund (D:5)
  A wraith (D:11)
  5 basilisks
  2 wyverns
  A human (D:8)
  2 hungry ghosts
  Menkaure (D:5)
  A soldier ant (D:10)
  7 water moccasins
  2 ice beasts
  7 porcupines
  A black bear (Lair:2)
  4 orc warriors
  A phantom (D:4)
  2 sky beasts
  An eye of draining (D:10)
  A necrophage (D:5)
  5 centaurs
  7 ogres
  2 wolves
  10 crocodiles
  A big kobold (D:11)
  17 bullfrogs
  8 scorpions
  10 killer bees
  9 wights
  An electric eel (D:10)
  4 howler monkeys
  2 bullfrog zombies
  5 crimson imps
  2 centaur zombies
  6 orc priests
  5 hounds
  A gnoll shaman (D:3)
  3 iguanas
  7 orc wizards
  3 bullfrog skeletons
  10 worker ants
  A killer bee zombie (D:7)
  2 worker ant zombies
  4 gnolls (D:4)
  13 adders
  A river rat (D:3)
  3 shadow imps
  2 adder skeletons (D:4)
  6 worms
  4 dart slugs
  9 leopard geckos
  41 orcs
  8 ball pythons
  12 bats
  10 giant cockroaches
  8 goblins
  5 hobgoblins
  4 jackals
  6 quokkas
  9 frilled lizards
  9 kobolds
  A leopard gecko skeleton (D:5)
  8 rats
  A fungus (Lair:2)
359 creatures vanquished.

Vanquished Creatures (collateral kills)
  A catoblepas (Lair:3)
  A two-headed ogre (D:12)
  An ugly thing (D:12)
  A salamander (Lair:1)
  A spiny frog (Lair:1)
  7 yaks
  A porcupine (Lair:1)
  Blork the orc (D:5)
  2 bullfrogs (Lair:1)
  A scorpion (Lair:2)
  A killer bee (D:12)
  2 worker ants (Lair:2)
  2 worms (Lair:2)
  A ball lightning (Lair:1)
  2 jackals (D:8)
25 creatures vanquished.

Vanquished Creatures (others)
  A centaur zombie (D:12)
  A worker ant (D:9)
  An orc (D:10)
  3 fungi
  12 plants
18 creatures vanquished.

Grand Total: 402 creatures vanquished

Notes
Turn   | Place    | Note
-------+----------+-------------------------------------------
     0 | D:1      | yoda5477 the Gargoyle Earth Elementalist began the quest for the Orb.
     0 | D:1      | Reached XP level 1. HP: 10/10 MP: 3/3
   189 | D:1      | Reached skill level 4 in Earth Magic
   288 | D:1      | Reached XP level 2. HP: 14/15 MP: 1/5
   592 | D:1      | Reached skill level 1 in Fighting
   692 | D:1      | Reached XP level 3. HP: 20/20 MP: 6/6
  1188 | D:2      | Reached skill level 1 in Maces & Flails
  1254 | D:2      | Found a faded altar of an unknown god.
  1307 | D:2      | Found a sparkling altar of Nemelex Xobeh.
  1319 | D:2      | Became a worshipper of Nemelex Xobeh the Trickster
  1625 | D:2      | Received a gift from Nemelex Xobeh
  1644 | D:2      | Reached XP level 4. HP: 25/25 MP: 7/7
  1840 | D:3      | Found a glowing drain.
  2003 | Sewer    | Entered a sewer
  2022 | Sewer    | Reached skill level 1 in Armour
  2334 | Sewer    | Reached XP level 5. HP: 27/30 MP: 8/8
  2449 | Sewer    | Reached skill level 5 in Earth Magic
  2451 | Sewer    | HP: 1/31 [bullfrog (3)]
  2452 | Sewer    | Reached XP level 6. HP: 1/36 MP: 5/9
  2763 | Sewer    | Learned a level 1 spell: Corona
  3849 | D:4      | Noticed a phantom
  3996 | D:4      | Killed a phantom
  3996 | D:4      | Reached skill level 1 in Hexes
  3996 | D:4      | Reached XP level 7. HP: 12/41 MP: 9/11
  4000 | D:4      | Learned a level 2 spell: Passwall
  4817 | D:4      | Got a shimmering leather armour
  4828 | D:4      | Identified the +3 leather armour of Hedafal {rElec} (You found it on level 4 of the Dungeon)
  4990 | D:4      | Reached * piety under Nemelex Xobeh
  5039 | D:4      | Reached skill level 6 in Earth Magic
  5281 | D:4      | Learned a level 3 spell: Stone Arrow
  5562 | D:4      | Found a staircase to the Ecumenical Temple.
  5571 | Temple   | Entered the Ecumenical Temple
  5722 | D:5      | Entered Level 5 of the Dungeon
  5819 | D:5      | Reached skill level 1 in Conjurations
  5819 | D:5      | Reached XP level 8. HP: 42/46 MP: 13/13
  5823 | D:5      | Noticed Menkaure
  6185 | D:5      | Noticed Blork the orc
  6469 | D:5      | Noticed Sigmund
  6559 | D:5      | Killed Blork the orc
  6670 | D:5      | Killed Menkaure
  6670 | D:5      | Reached skill level 7 in Earth Magic
  7956 | D:5      | Killed Sigmund
  7956 | D:5      | Reached skill level 5 in Spellcasting
  7956 | D:5      | Reached skill level 8 in Earth Magic
  7956 | D:5      | Reached XP level 9. HP: 51/51 MP: 10/16
  8148 | D:6      | Got a heavily runed leather armour
  8159 | D:6      | Identified the cursed +1 leather armour of Biyfa {rElec Str+3} (You found it on level 6 of the Dungeon)
  8178 | D:6      | Received a gift from Nemelex Xobeh
  8550 | D:6      | Found a white marble altar of Elyvilon.
  8882 | D:7      | Reached skill level 9 in Earth Magic
  9465 | D:7      | Reached ** piety under Nemelex Xobeh
  9506 | D:7      | Learned a level 5 spell: Lee's Rapid Deconstruction
  9509 | D:7      | Learned a level 2 spell: Ensorcelled Hibernation
  9532 | D:7      | Received a gift from Nemelex Xobeh
  9714 | D:7      | Reached skill level 10 in Earth Magic
  9899 | D:7      | Reached skill level 1 in Ice Magic
 10196 | D:8      | Found a large runed door.
 10197 | D:8      | Noticed Amnesiac's ghost (novice SpFi)
 10198 | D:8      | Found a large runed door.
 10266 | D:8      | Received a gift from Nemelex Xobeh
 10271 | D:8      | Got an encrusted flail
 10414 | D:8      | Reached XP level 10. HP: 56/56 MP: 18/20
 10476 | D:8      | Noticed Erica
 10498 | D:8      | Found a stormy altar of Qazlal.
 10728 | D:8      | Killed Erica
 10728 | D:8      | Reached skill level 1 in Staves
 10959 | D:8      | Found a glowing golden altar of the Shining One.
 10996 | D:8      | Noticed Prince Ribbit
 11011 | D:8      | Killed Prince Ribbit
 11419 | D:9      | Learned a level 4 spell: Petrify
 11504 | D:9      | Found Jidixebi's Antique Weapon Shoppe.
 11567 | D:9      | Reached skill level 11 in Earth Magic
 11615 | D:9      | Identified the cursed +2 flail of Untruth {crush, +Blink rPois SInv} (You found it on level 8 of the Dungeon)
 11714 | D:9      | Received a gift from Nemelex Xobeh
 11928 | D:9      | Reached *** piety under Nemelex Xobeh
 11933 | D:9      | Found a shimmering altar of Xom.
 11934 | D:9      | Found a burning altar of Makhleb.
 12079 | D:9      | Noticed a brown ugly thing
 12093 | D:9      | Killed a brown ugly thing
 12412 | D:9      | Found a staircase to the Lair.
 12667 | D:9      | Reached skill level 12 in Earth Magic
 13051 | D:10     | Entered Level 10 of the Dungeon
 13051 | D:10     | Received a gift from Nemelex Xobeh
 13065 | D:10     | Killed an unseen horror
 13065 | D:10     | Reached XP level 11. HP: 56/60 MP: 10/21
 13207 | D:10     | Reached skill level 5 in Ice Magic
 13383 | D:10     | Reached skill level 5 in Armour
 13609 | D:10     | Found a huge runed gate.
 13609 | D:10     | Found a huge runed gate.
 13610 | D:10     | Found a huge runed gate.
 13610 | D:10     | Noticed a manticore
 13611 | D:10     | Found a huge runed gate.
 14080 | D:10     | Received a gift from Nemelex Xobeh
 14168 | D:10     | Noticed Harold
 14471 | D:10     | Killed Harold
 14471 | D:10     | Reached skill level 13 in Earth Magic
 14783 | D:10     | Reached skill level 1 in Invocations
 15417 | D:11     | Received a gift from Nemelex Xobeh
 15913 | D:11     | Reached skill level 5 in Conjurations
 16129 | D:11     | Reached **** piety under Nemelex Xobeh
 16146 | D:11     | Got a warped flail
 16147 | D:11     | Identified the +8 flail of Ocuhyff {crush, +Blink MP+9 Str+2} (You found it on level 11 of the Dungeon)
 16220 | D:11     | Found a staircase to the Orcish Mines.
 16468 | D:11     | Noticed a red ugly thing
 16498 | D:10     | Killed a red ugly thing
 16853 | Lair:1   | Entered Level 1 of the Lair of Beasts
 16915 | Lair:1   | Received a gift from Nemelex Xobeh
 17511 | Lair:1   | Noticed a salamander
 17511 | Lair:1   | a hippogriff changed into a salamander
 17513 | Lair:1   | Killed a salamander
 17711 | Lair:1   | Reached skill level 5 in Invocations
 18250 | Lair:2   | Received a gift from Nemelex Xobeh
 18304 | Lair:2   | Reached XP level 12. HP: 68/68 MP: 22/22
 18875 | Lair:2   | Reached skill level 5 in Fighting
 19322 | Lair:2   | Found a hole to the Spider Nest.
 19430 | Lair:2   | Got a translucent dagger
 19483 | Lair:2   | Received a gift from Nemelex Xobeh
 19641 | Lair:3   | Found a staircase to the Shoals.
 20087 | Shoals:1 | Entered Level 1 of the Shoals
 20087 | Shoals:1 | Reached ***** piety under Nemelex Xobeh
 20393 | Lair:3   | Noticed a catoblepas
 20787 | Lair:3   | Killed a catoblepas
 20877 | Lair:4   | Received a gift from Nemelex Xobeh
 20898 | Lair:4   | Noticed a five-headed hydra
 21495 | Lair:4   | Noticed a death yak
 21929 | Lair:4   | Received a gift from Nemelex Xobeh
 22104 | Orc:1    | Entered Level 1 of the Orcish Mines
 22104 | Orc:1    | Noticed Erolcha
 22446 | D:12     | Noticed a two-headed ogre
 22453 | D:12     | Learned a level 3 spell: Tukima's Dance
 22715 | D:12     | Reached skill level 14 in Earth Magic
 23324 | D:12     | Found Imias's Book Boutique.
 23332 | D:12     | Bought a book of the Earth for 650 gold pieces
 23337 | D:12     | Learned a level 4 spell: Leda's Liquefaction
 23468 | D:12     | Killed a two-headed ogre
 23749 | D:12     | Received a gift from Nemelex Xobeh
 23778 | D:12     | Noticed a fire dragon
 23825 | D:12     | Killed from afar by a fire dragon

Vault maps used:
D:1:      dpeg_arrival_water_temple_mockup
D:2:      lemuel_coloured_pillars_altar, first_ration,
          chequers_ecumenical_altar_simple, hangedman_decor_points,
          hangedman_abyss_or_decor_stabs
D:3:      portal_sewer_entry_a
D:4:      minmay_temple_entry_poolview, kennysheep_generic_room_12
D:5:      uniq_menkaure, uniq_blork_the_orc, uniq_sigmund
D:6:      elyvilon_altar_1
D:8:      kennysheep_little_box, kennysheep_mini_moat,
          ebering_ghost_disaster_area, grunt_pizzeria, uniq_erica,
          uniq_prince_ribbit1
D:9:      grunt_temple_overflow_champion_of_chaos, david_lair_shrubbed,
          serial_shops, shop
D:10:     lemuel_bear_cage, uniq_harold
D:11:     david_orc_2
D:12:     serial_shops, nicolae_shop_statue_plus
Temple:   regret_index_temple_sphere_string
Lair:1:   serial_bayou_shore_b, grunt_megastairs_4
Lair:2:   nicolae_spider_entry_non_spiders, beast_lair_carwin_3
Lair:3:   elwin_shoals_entry_rocks
Lair:4:   grunt_megastairs_3, serial_bayou_shore_a
Lair:5:   gammafunk_cloud_chamber, ebering_ghost_xom, lemuel_fruit_fields,
          infiniplex_staircase_pool
Shoals:1: uniq_kirke
Orc:1:    basic_altar, uniq_erolcha
Sewer:    sewer_frog_island_01

Skill      XL: |  1  2  3  4  5  6  7  8  9 10 11 12 |
---------------+-------------------------------------+-----
Earth Magic    | 4 5 6 8 10 12 13 14 | 14.1
Fighting       | 1 2 3 4 5 |  5.7
Maces & Flails | 1 2 3 4 |  4.9
Armour         | 1 2 3 4 6 |  6.6
Spellcasting   | 3 5 7 8 |  8.4
Hexes          | 1 2 3 4 |  4.4
Conjurations   | 1 3 4 5 |  5.1
Ice Magic      | 1 4 5 |  5.1
Staves         | 1 |  1.5
Invocations    | 6 8 |  8.1
Dodging        | |  1.5
Stealth        | |  2.1
Transmutations | |  0.7

Action                   |  1- 3 |  4- 6 |  7- 9 | 10-12 || total
-------------------------+-------+-------+-------+-------++-------
Melee: Mace              |   128 |   223 |   311 |       ||   662
       Morningstar       |       |       |    56 |       ||    56
       Flail             |       |       |    26 |    30 ||    56
       Staff             |       |       |     7 |    18 ||    25
 Cast: Sandblast         |    12 |    22 |    80 |    48 ||   162
       Corona            |       |     2 |    17 |    15 ||    34
       Passwall          |       |       |     2 |     1 ||     3
       Stone Arrow       |       |       |     1 |    15 ||    16
       Lee's Rapid Decon |       |       |     9 |   231 ||   240
       Ensorcelled Hiber |       |       |       |     7 ||     7
       Leda's Liquefacti |       |       |       |     2 ||     2
Evoke: Deck              |       |     1 |     5 |    42 ||    48
       Staff of energy   |       |       |       |     2 ||     2
  Use: Scroll            |       |     3 |     6 |     7 ||    16
 Stab: Sleeping          |     5 |       |     3 |       ||     8
  Eat: Chunk             |     3 |     8 |    14 |    39 ||    64
       Ration            |       |       |     2 |     5 ||     7
Armor: Robe              |     7 |       |       |       ||     7
       Leather armour    |    46 |   123 |   298 |    46 ||   513
       Acid dragon scale |       |       |       |   104 ||   104
Dodge: Dodged            |    98 |   175 |   325 |   101 ||   699

Table legend:
 A = Spawn XP
 B = Non-spawn XP
 C = Spawn XP percentage of total XP
 D = Spawn monster count
 E = Non-spawn monster count
 F = Spawn count percentage of total count
 G = Total turns spent on level
                    A         B        C        D         E        F      G
               +---------+---------+-------+---------+---------+-------+---------
         Total |       0 |   30585 |   0.0 |       0 |     384 |   0.0 | 23825
               +---------+---------+-------+---------+---------+-------+---------
           D:1 |       0 |      39 |   0.0 |       0 |      22 |   0.0 |   989
           D:2 |       0 |      46 |   0.0 |       0 |      20 |   0.0 |   852
           D:3 |       0 |     290 |   0.0 |       0 |      32 |   0.0 |  1529
           D:4 |       0 |     506 |   0.0 |       0 |      20 |   0.0 |  1905
           D:5 |       0 |    1019 |   0.0 |       0 |      22 |   0.0 |  1748
           D:6 |       0 |     948 |   0.0 |       0 |      22 |   0.0 |  1367
           D:7 |       0 |    1149 |   0.0 |       0 |      19 |   0.0 |   957
           D:8 |       0 |    1817 |   0.0 |       0 |      14 |   0.0 |  1185
           D:9 |       0 |    2683 |   0.0 |       0 |      31 |   0.0 |  2198
          D:10 |       0 |    4678 |   0.0 |       0 |      26 |   0.0 |  2266
          D:11 |       0 |    1262 |   0.0 |       0 |      28 |   0.0 |  1466
          D:12 |       0 |    4279 |   0.0 |       0 |      33 |   0.0 |  1462
        Lair:1 |       0 |    3838 |   0.0 |       0 |      22 |   0.0 |  1589
        Lair:2 |       0 |    2998 |   0.0 |       0 |      27 |   0.0 |  1601
        Lair:3 |       0 |    2606 |   0.0 |       0 |      12 |   0.0 |  1096
        Lair:4 |       0 |    1886 |   0.0 |       0 |      13 |   0.0 |   830
        Lair:5 |       0 |     297 |   0.0 |       0 |       3 |   0.0 |    18
         Sewer |       0 |     244 |   0.0 |       0 |      18 |   0.0 |   761
               +---------+---------+-------+---------+---------+-------+---------
